[Event "Team 45 45 League T43"]
[Site "Internet Chess Club"]
[Date "2009.11.09"]
[Round "2"]
[White "WzeroMN"]
[Black "KidRattler"]
[Result "1-0"]
[WhiteElo "1196"]
[BlackElo "936"]
[Opening "Caro-Kann: advance variation"]
[ECO "B12"]
[Time "13:00:09"]
[TimeControl "2700+45"]

1. e4 c6 2. d4 d5 3. e5 Bf5 4. Nf3 Nd7 5. Nc3 g6 6. Be2 Bg7 7. O-O e6 8. Re1 Qc7
9. Bf4 O-O-O 10. Qd2 f6 11. exf6 Qb6 12. fxg7 Ne7 13. gxh8=Q Rxh8 14. Bd3 Bxd3
15. Qxd3 Qxb2 16. Reb1 Qa3 17. Re1 Qb2 18. Reb1 Qa3 19. Rb3 Qa5 20. Rab1 Qxa2
21. Nxa2 Rf8 22. Bd6 Re8 23. Bxe7 Rxe7 24. Rxb7 g5 25. Ne5 Kd8 26. Nxd7 Rxd7 27.
Rxd7+ Kxd7 28. Qxh7+ Kd6 29. Rb7 e5 30. Qd7# {Black checkmated} 1-0

[Event "Team 45 45 League T43"]
[Site "Internet Chess Club"]
[Date "2009.11.08"]
[Round "2"]
[White "CHESSIC-1111"]
[Black "JimGaming"]
[Result "0-1"]
[WhiteElo "1431"]
[BlackElo "1321"]
[Opening "Sicilian: closed"]
[ECO "B23"]
[Time "14:25:57"]
[TimeControl "2700+45"]

1. e4 c5 2. Nc3 g6 3. Bc4 Bg7 4. f4 e6 5. Nf3 Ne7 6. O-O d5 7. exd5 exd5 8. Bb5+
Bd7 9. Bxd7+ Nxd7 10. Re1 O-O 11. d3 Nb6 12. Ne2 Nf5 13. c3 d4 14. Ne5 Nd5 15.
Qb3 Rb8 16. cxd4 cxd4 17. Qa4 Nde3 18. Nd7 Rc8 19. Bxe3 Nxe3 20. Nxf8 Kxf8 21.
Rac1 Ra8 22. Qb4+ Kg8 23. Ng3 b6 24. Ne4 Bf8 25. Qb3 Qh4 26. Ng5 Bg7 27. Qxf7+
Kh8 28. Rc7 Qxe1# {White checkmated} 0-1

[Event "Team 45 45 League T43"]
[Site "Internet Chess Club"]
[Date "2009.11.06"]
[Round "2"]
[White "stillday"]
[Black "kingsrook"]
[Result "1-0"]
[WhiteElo "1179"]
[BlackElo "1304"]
[Opening "Caro-Kann: classical, Maróczy attack"]
[ECO "B18"]
[Time "18:00:17"]
[TimeControl "2700+45"]

1. e4 c6 2. d4 d5 3. Nc3 dxe4 4. Nxe4 Bf5 5. Ng3 Bg6 6. f4 e6 7. Nf3 Nd7 8. Bd3
Bxd3 9. Qxd3 Ngf6 10. O-O Be7 11. Bd2 O-O 12. Ne5 Qc7 13. b4 a6 14. Kh1 Rfd8 15.
c4 c5 16. bxc5 Nxc5 17. Qe3 Ncd7 18. Rae1 Nb6 19. Ba5 Nxc4 20. Bxc7 Nxe3 21.
Bxd8 Nxf1 22. Bxe7 Nxg3+ 23. hxg3 Nd5 24. Ba3 f6 25. Ng4 Kf7 26. Ne3 Re8 27. Nc4
Kg6 28. f5+ Kg5 29. Re4 e5 30. Nd6 Re7 31. Bc1+ {Black resigns} 1-0

[Event "Team 45 45 League T43"]
[Site "Internet Chess Club"]
[Date "2009.11.06"]
[Round "2"]
[White "CTR-1111"]
[Black "MeansToAnEnd"]
[Result "1-0"]
[WhiteElo "1166"]
[BlackElo "1136"]
[Opening "Giuoco Pianissimo: Italian four knights variation"]
[ECO "C28"]
[Time "20:00:16"]
[TimeControl "2700+45"]

1. e4 e5 2. Bc4 Nf6 3. Nc3 Nc6 4. Nf3 Bc5 5. d3 O-O 6. O-O d6 7. Bg5 h6 8. Bh4
Be6 9. Bd5 g5 10. Bg3 Bxd5 11. Nxd5 Nxd5 12. exd5 Nd4 13. c3 Nf5 14. d4 Nxg3 15.
fxg3 Bb6 16. h4 e4 17. Nh2 f5 18. Qh5 Qf6 19. g4 f4 20. Rae1 Rae8 21. Nf3 e3 22.
hxg5 hxg5 23. Nxg5 Qh8 24. Qg6+ Qg7 25. Qxg7+ Kxg7 26. Ne6+ Kg6 27. Nxf8+ Rxf8
28. g3 f3 29. Rxe3 c5 30. Rfxf3 Rxf3 31. Rxf3 cxd4 32. cxd4 Bxd4+ 33. Kf1 Bxb2
34. Rb3 Be5 35. Kg2 b6 36. a4 Kg5 37. Kh3 Bd4 38. Rf3 Kg6 39. Rf8 Bg7 40. Ra8 a5
41. Rb8 Bd4 42. Kh4 Bf6+ 43. g5 Bd4 44. Rg8+ Kh7 45. Rd8 Bc5 46. Kh5 b5 47. axb5
a4 48. b6 Bxb6 49. Rxd6 Bc5 50. Ra6 a3 51. g6+ Kg7 52. Ra5 Bb4 53. Ra4 Bc5 54.
g4 Bd6 55. g5 Bc5 56. Ra5 Bb4 57. Ra7+ Kg8 58. Kh6 Bf8+ 59. g7 a2 60. gxf8=Q+
Kxf8 61. Rxa2 Ke7 62. g6 Kd6 63. g7 Kxd5 64. g8=Q+ Ke5 65. Re2+ Kd4 66. Qd8+ Kc3
67. Re7 {Black resigns} 1-0

[Event "Team 45 45 League T43"]
[Site "Internet Chess Club"]
[Date "2009.11.07"]
[Round "2"]
[White "sere"]
[Black "bowwrestler"]
[Result "0-1"]
[WhiteElo "1044"]
[BlackElo "1062"]
[Opening "English: Carls' Bremen system"]
[ECO "A22"]
[Time "10:00:59"]
[TimeControl "2700+45"]

1. c4 e5 2. Nc3 Nf6 3. g3 Nc6 4. Bg2 Bc5 5. d3 d6 6. Nf3 Be6 7. O-O O-O 8. e3
Qd7 9. d4 Bb6 10. b4 Nxb4 11. a3 Bxc4 12. Re1 Nd3 13. Rf1 Nxc1 14. Re1 Nd3
{White resigns} 0-1

[Event "Team 45 45 League T43"]
[Site "Internet Chess Club"]
[Date "2009.11.08"]
[Round "2"]
[White "Rookmaster"]
[Black "Westman"]
[Result "1/2-1/2"]
[WhiteElo "1837"]
[BlackElo "1740"]
[Opening "French: Two knights variation"]
[ECO "C00"]
[Time "16:02:15"]
[TimeControl "2700+45"]

1. e4 e6 2. Nf3 d5 3. Nc3 Nf6 4. e5 Nfd7 5. d4 c5 6. dxc5 Bxc5 7. Bd3 Nc6 8. Bf4
h6 9. h4 a6 10. Na4 Qa5+ 11. c3 b5 12. Nxc5 Nxc5 13. Bc2 Nd7 14. O-O Bb7 15. Qe2
Qc7 16. Rfe1 Rc8 17. Rac1 Qa5 18. a3 O-O 19. Nd4 Qd8 20. h5 Nxd4 21. cxd4 Re8
22. Qg4 f5 23. exf6 Nxf6 24. Qg6 Kf8 25. g4 Ne4 26. f3 Ng5 27. Bxg5 Qxg5 28.
Qxg5 hxg5 29. Bg6 Rxc1 30. Rxc1 Rc8 31. Rxc8+ Bxc8 32. b4 Ke7 33. Kf2 Kf6 34.
Ke3 e5 35. dxe5+ Kxe5 36. Bh7 Be6 37. Bg6 d4+ 38. Kd3 Bc4+ 39. Kd2 Bd5 40. Kd3
Bxf3 41. Bf5 Bd5 42. Bc8 Bc4+ 43. Kd2 Kf4 44. Bf5 Ke5 45. Bc8 Kf4 46. Bf5 Ke5
47. Bc8 {Game drawn by repetition} 1/2-1/2

[Event "Team 45 45 League T43"]
[Site "Internet Chess Club"]
[Date "2009.11.05"]
[Round "2"]
[White "Bible-Believer"]
[Black "Timotheous"]
[Result "1/2-1/2"]
[WhiteElo "1565"]
[BlackElo "1635"]
[Opening "King's Indian: Torre attack"]
[ECO "A48"]
[Time "20:00:22"]
[TimeControl "2700+45"]

1. d4 Nf6 2. Nf3 g6 3. Bg5 Bg7 4. Nbd2 O-O 5. c3 b6 6. e4 d6 7. Be2 Bb7 8. Qc2
Nbd7 9. O-O Re8 10. Rfe1 Nf8 11. Bf1 h6 12. Bh4 g5 13. Bg3 Nh5 14. Bb5 c6 15.
Bd3 Nxg3 16. hxg3 e5 17. dxe5 dxe5 18. Rad1 b5 19. Nb3 Qb6 20. Nbd2 Rad8 21. c4
Ne6 22. Bf1 a5 23. a4 b4 24. c5 Nxc5 25. Nc4 Qc7 26. Ncxe5 Rxd1 27. Rxd1 Bxe5
28. Qxc5 Bxb2 29. Rd6 Qe7 30. Bc4 Kg7 31. Qf5 Bc8 32. Qc5 Bb7 33. Qf5 Bc8 34.
Qc5 {Game drawn by mutual agreement} 1/2-1/2

[Event "Team 45 45 League T43"]
[Site "Internet Chess Club"]
[Date "2009.11.07"]
[Round "2"]
[White "John3v16"]
[Black "Dr-Checkmate"]
[Result "1-0"]
[WhiteElo "1629"]
[BlackElo "1543"]
[Opening "Scandinavian: Icelandic gambit"]
[ECO "B01"]
[Time "19:18:17"]
[TimeControl "2700+45"]

1. e4 d5 2. exd5 Nf6 3. c4 e6 4. dxe6 Bxe6 5. Nf3 Nc6 6. d4 Bb4+ 7. Bd2 Qe7 8.
Qe2 Bxd2+ 9. Nbxd2 Bg4 10. Qxe7+ Kxe7 11. Be2 Rhe8 12. O-O Kf8 13. Rfe1 Nb4 14.
Bf1 Bxf3 15. Rxe8+ Rxe8 16. Nxf3 Re4 17. d5 Nh5 18. a3 Na6 19. Bd3 Rf4 20. b4 h6
21. Re1 g5 22. Re4 Rxe4 23. Bxe4 Nf4 24. Kf1 Ke7 25. Nd4 Kf6 26. Nb5 Ke5 27. f3
f5 28. Bc2 c5 29. dxc6 bxc6 30. Nxa7 Nb8 31. c5 Ne6 32. Kf2 Nd4 33. Bb1 f4 34.
Ba2 Nc2 35. b5 {Black resigns} 1-0

[Event "Team 45 45 League T43"]
[Site "Internet Chess Club"]
[Date "2009.11.05"]
[Round "2"]
[White "rookmaster23"]
[Black "dondel"]
[Result "0-1"]
[WhiteElo "1377"]
[BlackElo "1346"]
[Opening "QGA: classical variation, 6.O-O"]
[ECO "D26"]
[Time "20:00:17"]
[TimeControl "2700+45"]

1. d4 d5 2. c4 dxc4 3. e3 Nf6 4. Bxc4 e6 5. Nf3 c5 6. O-O Bd6 7. dxc5 Bxc5 8.
Qxd8+ Kxd8 9. Nc3 Bd7 10. Rd1 Rf8 11. Ne5 Bb4 12. Bb5 Bxc3 13. bxc3 Ke8 14. Nxd7
Nbxd7 15. Ba3 Rg8 16. Rab1 b6 17. Rb2 Rc8 18. Rd3 a6 19. Bxd7+ Nxd7 20. Rbd2 Ne5
21. Rd4 Nc4 22. R2d3 Nxa3 23. Ra4 Nb1 24. Rxa6 b5 25. h3 Rf8 26. Ra7 Nxc3 27.
Rdd7 Nd5 28. e4 Rc1+ 29. Kh2 Nb6 30. Rdb7 Nc8 31. Ra8 Rc5 32. Rbb8 Kd7 33. Rb7+
Kc6 34. Rbb8 Kd6 35. f4 f5 36. Ra6+ Kc7 37. Rba8 fxe4 38. Rxe6 Rxf4 39. Re8 Kd7
40. Rg8 Rf7 41. Rb8 g6 42. Rb7+ Ke6 43. Re8+ Re7 44. Rexe7+ Nxe7 45. Rb6+ Nc6
46. Rb7 h5 47. Rg7 Ne7 {White resigns} 0-1

[Event "Team 45 45 League T43"]
[Site "Internet Chess Club"]
[Date "2009.11.10"]
[Round "2"]
[White "clarinetref"]
[Black "fishhead"]
[Result "0-1"]
[WhiteElo "1647"]
[BlackElo "2017"]
[Opening "Réti: King's Indian attack"]
[ECO "A05"]
[Time "18:11:11"]
[TimeControl "2700+45"]

1. Nf3 Nf6 2. g3 g6 3. Bg2 Bg7 4. d3 d6 5. e4 e5 6. O-O O-O 7. Nc3 c6 8. Bd2 h6
9. Qc1 Kh7 10. d4 Qc7 11. dxe5 dxe5 12. Nh4 Nbd7 13. f4 Ng4 14. Nd1 Qb6+ 15. Ne3
exf4 16. gxf4 Bxb2 17. Qe1 Bxa1 18. h3 Nxe3 19. Bxe3 Bd4 20. Bxd4 Qxd4+ 21. Kh1
Nc5 22. c3 Qc4 23. Rf2 f5 24. exf5 Bxf5 25. Qe7+ Rf7 26. Qe5 Nd3 {White resigns}
0-1

[Event "Team 45 45 League T43"]
[Site "Internet Chess Club"]
[Date "2009.11.07"]
[Round "2"]
[White "isolani"]
[Black "PostMike"]
[Result "1/2-1/2"]
[WhiteElo "1610"]
[BlackElo "1591"]
[Opening "Queen's pawn: Yusupov-Rubinstein system"]
[ECO "A40"]
[Time "16:00:32"]
[TimeControl "2700+45"]

1. d4 e6 2. Nf3 Nf6 3. e3 c5 4. Bd3 b5 5. c3 c4 6. Bc2 Bb7 7. Nbd2 Nc6 8. e4 d6
9. O-O a5 10. Qe2 a4 11. d5 Ne5 12. Nxe5 dxe5 13. dxe6 fxe6 14. Nf3 Bd6 15. Bg5
O-O 16. Bh4 Qe7 17. Rad1 Rad8 18. Bg3 Nd7 19. Rd2 h6 20. Rfd1 Bc7 21. b3 axb3
22. axb3 cxb3 23. Bxb3 Bc6 24. Nh4 Kh7 25. Qg4 Nf6 26. Qxe6 Qxe6 27. Bxe6 Bxe4
28. Rxd8 Rxd8 29. Rxd8 Bxd8 30. Bxe5 Nd5 31. f3 Bxh4 32. fxe4 Bf6 33. Bd4 Nxc3
34. Bf5+ Kg8 35. Bxc3 Bxc3 36. Kf1 Kf7 37. Ke2 {Game drawn by mutual agreement}
1/2-1/2

[Event "Team 45 45 League T43"]
[Site "Internet Chess Club"]
[Date "2009.11.05"]
[Round "2"]
[White "tightfist"]
[Black "joshtournman"]
[Result "1/2-1/2"]
[WhiteElo "1425"]
[BlackElo "1468"]
[Opening "Bird's opening"]
[ECO "A02"]
[Time "20:00:21"]
[TimeControl "2700+45"]

1. f4 f5 2. Nf3 e6 3. c4 Nf6 4. e3 d5 5. cxd5 Nxd5 6. Bc4 Bd6 7. O-O O-O 8. Qb3
c6 9. Nc3 b5 10. Bxd5 exd5 11. Nxd5 Be6 12. Qc2 Bxd5 13. Nd4 Qf6 14. Qc3 b4 15.
Qc2 c5 16. Nb5 a6 17. Nxd6 Qxd6 18. b3 Nc6 19. Bb2 Rae8 20. Rac1 Be4 21. Qd1 Re6
22. Rf2 Rg6 23. Qe2 Nb8 24. Qc4+ Kh8 25. Qxc5 Qxc5 26. Rxc5 Rc6 27. Bd4 Rfc8 28.
Rxc6 Nxc6 29. Bb2 Ne7 30. d4 Nd5 31. Re2 Nc3 32. Rd2 Nxa2 33. d5 Nc3 34. d6 Rd8
35. Kf2 Nd5 36. Be5 Nf6 37. h3 Bc6 38. Ra2 Ne4+ 39. Kg1 Nxd6 40. Rxa6 Nf7 41.
Rxc6 Nxe5 42. fxe5 Kg8 43. Rb6 Rd3 44. Rxb4 Rxe3 45. Rb5 Kf7 46. Kf2 Re4 47. Kf3
Ke6 48. b4 g5 49. g3 h5 50. Kf2 Rxe5 51. Rb6+ Kd5 52. Rb8 Re4 53. b5 Kc5 54. b6
Rb4 55. b7 Kc6 56. Rh8 Rxb7 57. Rxh5 Rg7 58. Kf3 Kd5 59. h4 gxh4 60. Rxh4 Ke5
61. Ra4 Rd7 62. Ra5+ Kf6 63. Ra4 Kg5 64. Ke3 Rb7 65. Kf3 Rb3+ {Game drawn by
mutual agreement} 1/2-1/2

[Event "Team 45 45 League T43"]
[Site "Internet Chess Club"]
[Date "2009.11.08"]
[Round "2"]
[White "arconia"]
[Black "Aquaman"]
[Result "0-1"]
[WhiteElo "1324"]
[BlackElo "1336"]
[Opening "Scandinavian (center counter) defense"]
[ECO "B01"]
[Time "15:00:16"]
[TimeControl "2700+45"]

1. e4 d5 2. e5 c5 3. Nf3 Nc6 4. Be2 Bg4 5. d4 cxd4 6. Bb5 Qa5+ 7. c3 Qxb5 8. a4
Qb6 9. O-O Nxe5 10. cxd4 Nxf3+ 11. gxf3 Bh3 12. Kh1 Bxf1 13. Qxf1 Nf6 14. Nc3 a6
15. Ne2 e6 16. Qg2 g6 17. Rb1 Nh5 18. f4 Nf6 19. Be3 Rc8 20. f5 gxf5 21. h3 Rg8
22. Qf3 Rc2 23. Bf4 Rxb2 24. Re1 Rb3 25. Be3 Ne4 26. Qf4 Qd6 27. Qh4 Rxe3 28.
fxe3 Rg7 29. Rc1 Qb8 30. Nf4 Ng3+ 31. Kh2 Ne2 32. Re1 Nxf4 33. exf4 Qd8 34. Qh5
Qf6 35. Qf3 Qxd4 36. Qh5 Qxf4+ 37. Kh1 Qg3 38. Rxe6+ Be7 39. Re2 Qg1# {White
checkmated} 0-1

[Event "Team 45 45 League T43"]
[Site "Internet Chess Club"]
[Date "2009.11.06"]
[Round "2"]
[White "mongmong"]
[Black "John3v16"]
[Result "1/2-1/2"]
[WhiteElo "1523"]
[BlackElo "1616"]
[Opening "Queen's pawn: Yusupov-Rubinstein system"]
[ECO "A46"]
[Time "21:00:26"]
[TimeControl "2700+45"]

1. d4 Nf6 2. Nf3 e6 3. e3 c5 4. c3 d5 5. Nbd2 Nbd7 6. Bd3 c4 7. Bc2 b5 8. Qe2
Be7 9. e4 dxe4 10. Nxe4 Bb7 11. Bg5 O-O 12. Nxf6+ Nxf6 13. O-O Bd5 14. Bxf6 Bxf6
15. Be4 Re8 16. Rfe1 g6 17. Bxd5 exd5 18. Qxe8+ Qxe8 19. Rxe8+ Rxe8 20. Kf1 a5
21. Re1 Kf8 22. Rxe8+ Kxe8 23. Ke2 Ke7 24. g4 Ke6 25. h3 h6 26. Ke3 Bg7 27. Nd2
Bf8 28. f4 f6 29. Nf1 b4 30. Ng3 bxc3 31. bxc3 Kd7 32. f5 g5 33. a4 Bd6 34. Ne2
Ke7 35. Kf3 {Game drawn by mutual agreement} 1/2-1/2

[Event "Team 45 45 League T43"]
[Site "Internet Chess Club"]
[Date "2009.11.07"]
[Round "2"]
[White "chesskix"]
[Black "oldprez"]
[Result "0-1"]
[WhiteElo "1396"]
[BlackElo "1429"]
[Opening "English opening"]
[ECO "A05"]
[Time "10:00:19"]
[TimeControl "2700+45"]

1. Nf3 Nf6 2. c4 g6 3. Nc3 Bg7 4. g3 O-O 5. Bg2 d6 6. O-O Nbd7 7. d3 c5 8. Bd2
Rb8 9. Re1 Ng4 10. h3 Nge5 11. Rb1 b6 12. Nd5 Bb7 13. Bc3 e6 14. Ne3 Nxf3+ 15.
exf3 Nf6 16. Ng4 e5 17. Bd2 Nxg4 18. hxg4 f5 19. gxf5 Rxf5 20. Bc3 Qe7 21. d4
Rbf8 22. d5 Ba6 23. b3 b5 24. cxb5 Bxb5 25. Bb2 a5 26. a4 Ba6 27. Re4 Qf7 28.
Rh4 Bb7 29. f4 exf4 30. gxf4 Rxf4 31. Rxf4 Qxf4 32. Qe2 Qf5 33. Qe6+ Qxe6 34.
dxe6 Bxb2 35. Rxb2 Bxg2 36. Kxg2 Re8 37. Re2 d5 38. f4 Kg7 39. Re5 d4 40. Kf3
Kf6 41. Rxc5 Rxe6 42. Rd5 Re3+ 43. Kf2 Rxb3 44. Rxd4 Kf5 45. Rd5+ Kxf4 46. Rxa5
Rb2+ 47. Ke1 Ra2 48. Kd1 h5 49. Kc1 Ke3 50. Kb1 Rg2 51. Re5+ Kd4 52. Re1 Kc5 53.
a5 Kb5 54. Re5+ Ka6 55. Rd5 h4 56. Kc1 h3 57. Rd6+ Kxa5 58. Rd5+ Kb6 59. Rd6+
Kc5 60. Rd8 h2 61. Rc8+ Kd6 62. Rd8+ Kc7 63. Rh8 Rg1+ 64. Kc2 h1=Q 65. Rxh1 Rxh1
66. Kd2 Rh3 67. Ke2 Kd6 68. Kf2 Ke5 69. Kg2 Ra3 70. Kf2 Ke4 71. Kg2 Kf4 72. Kf2
Ra2+ 73. Ke1 Ke3 74. Kf1 g5 75. Kg1 Kf3 {White resigns} 0-1

[Event "Team 45 45 League T43"]
[Site "Internet Chess Club"]
[Date "2009.11.10"]
[Round "2"]
[White "TomBolini"]
[Black "Skyler"]
[Result "1-0"]
[WhiteElo "1335"]
[BlackElo "1374"]
[Opening "Sicilian: Alapin's variation (2.c3)"]
[ECO "B22"]
[Time "19:00:08"]
[TimeControl "2700+45"]

1. e4 c5 2. c3 Nf6 3. e5 Nd5 4. d4 cxd4 5. cxd4 Nc6 6. Nf3 e6 7. Nc3 Nxc3 8.
bxc3 d5 9. Bb5 Bd7 10. O-O Be7 11. Qd3 O-O 12. Ba4 a6 13. Bc2 g6 14. Bh6 Re8 15.
Qe3 Na5 16. Nd2 Bf8 17. Bg5 Be7 18. f4 Bxg5 19. fxg5 b5 20. Qf4 Rf8 21. Rf3 Nc4
22. Nxc4 bxc4 23. Rh3 f6 24. Qh4 Rf7 25. Bxg6 Rg7 26. Bxh7+ Kf8 27. gxf6 Rf7 28.
Qh6+ Ke8 29. Bg6 Ba4 30. Qg7 Kd7 31. Qxf7+ Kc8 32. Qxe6+ Kb8 33. Rb1+ Bb5 34.
Bf5 Ra7 35. f7 Rb7 36. f8=Q Qxf8 37. Rh7 Ka8 38. Rxb5 Rxb5 39. Qxa6+ Kb8 40.
Qxb5+ Ka8 41. Qb7# {Black checkmated} 1-0

[Event "Team 45 45 League T43"]
[Site "Internet Chess Club"]
[Date "2009.11.07"]
[Round "2"]
[White "Skylab"]
[Black "farbror"]
[Result "1-0"]
[WhiteElo "1324"]
[BlackElo "1215"]
[Opening "Pirc defense"]
[ECO "B07"]
[Time "15:00:24"]
[TimeControl "2700+45"]

1. e4 d6 2. d4 Nf6 3. Nc3 e5 4. dxe5 dxe5 5. Qxd8+ Kxd8 6. Bg5 Be7 7. O-O-O+ Bd7
8. Nf3 Nc6 9. Bb5 a6 10. Bxc6 bxc6 11. Nxe5 Ke8 12. Bxf6 Bxf6 13. Nxd7 Bxc3 14.
bxc3 Rd8 15. Nc5 a5 16. Rxd8+ Kxd8 17. Rd1+ Kc8 18. Nb3 a4 19. Nd4 Kb7 20. Kb2
Rd8 21. Kc1 c5 22. Nf3 Rxd1+ 23. Kxd1 Kb6 24. a3 Kb5 25. Kd2 Kc6 26. Ne5+ Kd6
27. Nxf7+ Ke6 28. Ng5+ Kf6 29. Nxh7+ {Black resigns} 1-0

[Event "Team 45 45 League T43"]
[Site "Internet Chess Club"]
[Date "2009.11.07"]
[Round "2"]
[White "CheeryCherry"]
[Black "rook9999"]
[Result "0-1"]
[WhiteElo "1529"]
[BlackElo "1554"]
[Opening "Sicilian"]
[ECO "B56"]
[Time "17:44:24"]
[TimeControl "2700+45"]

1. e4 c5 2. Nf3 Nc6 3. d4 cxd4 4. Nxd4 d6 5. Nc3 Nf6 6. f3 Bd7 7. Bg5 e6 8. Qd2
h6 9. Bh4 Be7 10. O-O-O a6 11. f4 e5 12. Nf5 Bxf5 13. exf5 Rc8 14. fxe5 dxe5 15.
Qe3 Qa5 16. h3 Nb4 17. Kb1 Rxc3 18. bxc3 Qxa2+ {White resigns} 0-1

[Event "Team 45 45 League T43"]
[Site "Internet Chess Club"]
[Date "2009.11.08"]
[Round "2"]
[White "taichichen"]
[Black "radiohead"]
[Result "0-1"]
[WhiteElo "1216"]
[BlackElo "1405"]
[Opening "French: advance, Paulsen attack"]
[ECO "B22"]
[Time "09:00:38"]
[TimeControl "2700+45"]

1. e4 c5 2. c3 d5 3. e5 Nc6 4. d4 e6 5. Nf3 Nge7 6. Bd3 Ng6 7. Be3 cxd4 8. cxd4
Be7 9. O-O O-O 10. Nc3 a6 11. Qd2 b5 12. a3 Bb7 13. b4 Rc8 14. Rac1 Nh4 15. Nxh4
Bxh4 16. g3 Be7 17. Bb1 Nb8 18. Qd3 g6 19. Ne2 Nd7 20. Rxc8 Qxc8 21. Rc1 Qd8 22.
Qc3 Nb6 23. Qc7 Ba8 24. Qxd8 Rxd8 25. Bd3 Nc4 26. Bxc4 dxc4 27. Rc3 Bf3 28. Nc1
Rd7 29. Bf4 Rxd4 30. Rxf3 Bd8 31. Kg2 Re4 32. Re3 Rxe3 33. Bxe3 Be7 34. Bc5 Bd8
35. f4 f6 36. exf6 Bxf6 37. Bb6 Bb2 38. Na2 Bxa3 39. Ba5 Bb2 40. Bb6 Kf7 41. Kf3
Ke7 42. Ke2 Kd6 43. Kd2 Bf6 44. Nc3 Bxc3+ 45. Kxc3 Kd5 46. Kd2 Ke4 47. Be3 Kf3
48. Kc3 Kxe3 49. Kc2 Kd4 50. Kd2 c3+ 51. Kc2 Kc4 52. g4 Kxb4 53. h4 {White
resigns} 0-1

[Event "Team 45 45 League T43"]
[Site "Internet Chess Club"]
[Date "2009.11.08"]
[Round "2"]
[White "MikeA"]
[Black "andrew0311"]
[Result "1-0"]
[WhiteElo "1410"]
[BlackElo "1416"]
[Opening "Ruy Lopez: four knights (Tarrasch) variation"]
[ECO "C48"]
[Time "19:00:12"]
[TimeControl "2700+45"]

1. e4 e5 2. Nf3 Nc6 3. Nc3 Nf6 4. Bb5 a6 5. Ba4 Bc5 6. O-O d6 7. d3 b5 8. Bb3
Bg4 9. h3 Bh5 10. Nd5 O-O 11. Nxf6+ Qxf6 12. g4 Bg6 13. Bg5 Qxg5 14. Nxg5 Nd4
15. Nf3 a5 16. Nxd4 Bxd4 17. c3 Bb6 18. Bd5 Rac8 19. h4 h6 20. h5 Bh7 21. d4 c6
22. Bb3 exd4 23. cxd4 Bxe4 24. Re1 Bh7 25. Bc2 Bxc2 26. Qxc2 Bxd4 27. Rad1 Bc5
28. Re7 a4 29. Qe2 d5 30. Rd7 Rfe8 31. Qf3 Rf8 32. Qc3 Bb6 33. a3 Rfe8 34. Kf1
Rf8 35. Qe5 Rfe8 36. Re7 Red8 37. g5 hxg5 38. h6 gxh6 39. Qf6 {Black resigns}
1-0

[Event "Team 45 45 League T43"]
[Site "Internet Chess Club"]
[Date "2009.11.08"]
[Round "2"]
[White "mmf00"]
[Black "lawth3"]
[Result "0-1"]
[WhiteElo "1395"]
[BlackElo "1112"]
[Opening "Caro-Kann: classical variation"]
[ECO "B18"]
[Time "19:00:12"]
[TimeControl "2700+45"]

1. e4 c6 2. d4 d5 3. Nc3 dxe4 4. Nxe4 Bf5 5. Nc3 e6 6. Nf3 Nd7 7. Bd3 Bxd3 8.
Qxd3 Qc7 9. O-O Ngf6 10. Bg5 Bd6 11. Rfe1 O-O 12. Qe2 c5 13. dxc5 Bxc5 14. h3 h6
15. Be3 Bxe3 16. Qxe3 Rfe8 17. Rad1 Re7 18. Qe2 Rae8 19. Ne5 Nxe5 20. Qxe5 Qxe5
21. Rxe5 Nd7 22. Re2 Nb6 23. b3 Rd7 24. Rxd7 Nxd7 25. Rd2 Ne5 26. Re2 Ng6 27.
Rd2 a6 28. Rd7 Re7 29. Rxe7 Nxe7 30. Kf1 g5 31. Ke2 Kg7 32. Ke3 Kf6 33. Na4 b5
34. Nc5 a5 35. c4 bxc4 36. bxc4 Nc6 37. Nd3 e5 38. Ke4 Ke6 39. c5 f5+ 40. Ke3 e4
41. Nb2 Kd5 42. Na4 Kc4 43. f3 exf3 44. gxf3 Kb4 45. Nb2 Kxc5 46. Kd3 Kb4 47.
Kd2 Ka3 48. Nd3 Kxa2 49. Kc3 Ka3 50. Kc2 Ka2 51. Kc3 a4 52. Nb2 a3 53. Nc4 h5
54. Ne3 Kb1 55. Nxf5 a2 56. Kd3 a1=Q 57. Kd2 Qa5+ 58. Ke3 Qxf5 59. Ke2 g4 60.
hxg4 hxg4 61. fxg4 Qxg4+ 62. Ke3 Ne5 63. Kd2 Qf3 64. Ke1 Nd3+ 65. Kd2 Nf4 66.
Ke1 Qe2# {White checkmated} 0-1

[Event "Team 45 45 League T43"]
[Site "Internet Chess Club"]
[Date "2009.11.11"]
[Round "2"]
[White "tsia68"]
[Black "chess9397"]
[Result "0-1"]
[WhiteElo "1900"]
[BlackElo "1849"]
[Opening "Sicilian defense"]
[ECO "B30"]
[Time "17:00:37"]
[TimeControl "2700+45"]

1. e4 c5 2. Nf3 Nc6 3. d3 g6 4. g3 Bg7 5. Bg2 e6 6. O-O Nge7 7. c3 d5 8. Nbd2
O-O 9. Re1 b6 10. Qc2 Bb7 11. Nb3 Rc8 12. Bg5 h6 13. Be3 d4 14. Bd2 dxc3 15.
bxc3 Qd7 16. Rad1 Rfd8 17. Be3 Ba6 18. Bf1 Nd4 19. Bxd4 cxd4 20. c4 Nc6 21. Qb1
Bb7 22. a3 Nb8 23. Re2 f5 24. Nfd2 f4 25. Bg2 Qf7 26. f3 Na6 27. Kh1 Nc5 28.
Nxc5 bxc5 29. Nb3 g5 30. Rb2 Ba8 31. Na5 Qc7 32. Rb5 fxg3 33. Nb7 Bxb7 34. Rxb7
Qf4 35. hxg3 Qxg3 36. Rxa7 Be5 37. Kg1 Bf4 38. Qc2 Be3+ 39. Kf1 Qh2 40. Ke1 Qg1+
41. Bf1 Qg3+ {White resigns} 0-1

[Event "Team 45 45 League T43"]
[Site "Internet Chess Club"]
[Date "2009.11.08"]
[Round "2"]
[White "cityprosecutor"]
[Black "VietLion"]
[Result "1-0"]
[WhiteElo "1675"]
[BlackElo "1906"]
[Opening "Sicilian defense"]
[ECO "B20"]
[Time "16:00:48"]
[TimeControl "2700+45"]

1. e4 c5 2. d3 Nc6 3. g3 g6 4. Bg2 Bg7 5. h4 Qb6 6. c3 d6 7. Nd2 Nf6 8. Ngf3 Bg4
9. Nc4 Qa6 10. Ne3 Bh5 11. Qc2 b5 12. Nh2 Ne5 13. f4 Nc6 14. g4 Nxg4 15. Nhxg4
b4 16. Nd5 Rc8 17. Bh3 O-O 18. f5 bxc3 19. bxc3 Kh8 20. f6 exf6 21. Ngxf6 Ne5
22. O-O Rcd8 23. Nxh5 gxh5 24. Bg5 Rb8 25. Rad1 c4 26. d4 Nd3 27. Qe2 Rb2 28.
Qxh5 Qxa2 29. Nf6 h6 30. Bxh6 Bxf6 31. Bxf8+ Kg8 32. Rxf6 Rg2+ 33. Bxg2 Qxg2+
34. Kxg2 Nf4+ 35. Rxf4 {Black resigns} 1-0

[Event "Team 45 45 League T43"]
[Site "Internet Chess Club"]
[Date "2009.11.06"]
[Round "2"]
[White "PJ"]
[Black "ChessicalZ"]
[Result "1-0"]
[WhiteElo "1732"]
[BlackElo "1703"]
[Opening "Clemenz (Mead's, Basman's or de Klerk's) opening"]
[ECO "A00"]
[Time "13:00:22"]
[TimeControl "2700+45"]

1. h3 Nf6 2. Nf3 c5 3. d3 d5 4. g3 Bf5 5. Bg2 Nc6 6. Nh4 Bd7 7. O-O h6 8. e4 d4
9. f4 e5 10. fxe5 Nxe5 11. Nf3 Bd6 12. Nxe5 Bxe5 13. Bf4 Qc7 14. Nd2 b5 15. Bxe5
Qxe5 16. Qe1 O-O 17. Nf3 Qh5 18. g4 Bxg4 19. hxg4 Nxg4 20. Qh4 Qg6 21. Kh1 Rae8
22. Rg1 h5 23. Bh3 f5 24. exf5 Rxf5 25. Bxg4 hxg4 26. Nh2 Qc6+ 27. Rg2 Re2 28.
Qxg4 Rxg2 29. Qxg2 Qf6 30. Rf1 Rxf1+ 31. Nxf1 Qh4+ 32. Kg1 Qe1 33. Qd5+ Kh8 34.
Qa8+ Kh7 35. Qe4+ Qxe4 36. dxe4 Kg6 37. Kf2 Kf6 38. Kf3 Ke5 39. Nh2 c4 40. Ng4+
Ke6 41. Kf4 a5 42. Nf2 b4 43. Ng4 a4 44. Kf3 d3 45. Ke3 dxc2 46. Kd2 c3+ 47.
bxc3 b3 48. axb3 axb3 49. c4 Kd6 50. e5+ Ke6 51. Kc1 Ke7 52. Nf2 Ke6 53. Nd3 g5
54. Kb2 g4 55. Kxb3 c1=Q 56. Nxc1 Kxe5 57. c5 Kd5 58. Kb4 Kc6 59. Ne2 Kc7 60.
Kb5 Kb7 61. c6+ Kc7 62. Ng3 Kb8 63. Kb6 Ka8 64. Kc7 Ka7 65. Kd7 {Black resigns}
1-0